 Dungeon Crawl Stone Soup version 0.22-a0-525-gf69a080 (webtiles) character file.

114 kae the Insei (level 4, -3/33 HPs)
             Began as a Demonspawn Transmuter on June 20, 2018.
             Slain by an orc warrior
             ... wielding a +0 halberd
              (15 damage)
             ... on level 3 of the Dungeon.
             The game lasted 00:01:43 (2743 turns).

kae the Insei (Demonspawn Transmuter)               Turns: 2743, Time: 00:01:44

Health: -3/33      AC:  2    Str: 10    XL:     4   Next: 67%
Magic:  3/8        EV: 12    Int: 14    God:
Gold:   261        SH:  0    Dex: 15    Spells: 2/8 levels left

rFire    . . .     SeeInvis .     - Unarmed
rCold    . . .     Gourm    .   (no shield)
rNeg     . . .     Faith    .   b - +0 robe
rPois    .         Spirit   .   (no helmet)
rElec    .         Reflect  .   (no cloak)
rCorr    .         Harm     .   (no gloves)
MR       .....                  (no boots)
Stlth    +.........             (no amulet)
HPRegen  0.11/turn              (no ring)
MPRegen  0.11/turn              (no ring)

@: appendage (expiring), very slightly contaminated
A: hooves 1, horns 2, spiny 2
a: End Transformation


You were on level 3 of the Dungeon.
You were not hungry.
You had grown temporary horns.
You visited 1 branch of the dungeon, and saw 3 of its levels.

You collected 261 gold pieces.

Inventory:

Missiles
 a - 39 arrows
Armour
 b - a +0 robe (worn)
Jewellery
 m - an uncursed ring of see invisible {unknown}
Scrolls
 c - a scroll of fog
 e - 2 scrolls of identify
 f - a scroll of immolation
 h - 2 scrolls of remove curse {unknown}
 k - a scroll of blinking {unknown}
Potions
 i - a potion of mutation {unknown}
 j - a potion of ambrosia {unknown}
 l - a potion of invisibility {unknown}
Comestibles
 d - 9 rations


   Skills:
 + Level 2.1 Fighting
 - Level 1.7 Dodging
 * Level 3.7 Unarmed Combat
 + Level 2.6 Spellcasting
 + Level 2.4 Transmutations


You had 2 spell levels left.
You knew the following spells:

 Your Spells              Type           Power        Failure   Level  Hunger
a - Beastly Appendage     Tmut           #.....       9%          1    #......
b - Sticks to Snakes      Tmut           #.......     12%         2    ###....
c - Spider Form           Tmut/Pois      #.........   38%         3    ###....

Your spell library contained the following spells:

 Spells                   Type           Power        Failure   Level  Hunger
 Blade Hands              Tmut           #.........   92%         5    ######.
 Ice Form                 Ice/Tmut       #.......     80%         4    #####..


Dungeon Overview and Level Annotations

Branches:
Dungeon (3/15)

Altars:
Elyvilon

Annotations:
D:3 exclusion: orc warrior


Innate Abilities, Weirdness & Mutations

You have large cloven feet.
You are mostly covered in sharp spines.
You have a pair of horns on your head.


Message History

The orc hits you with a dagger.
You hit the orc.
You kill the orc!
A rat comes into view.
Things that are here:
a dagger; a leather armour The orc warrior shouts!
You hear a shout!
The orc warrior hits you with a halberd!
Casting: Beastly Appendage (safe; 9% risk of failure)
Confirm with . or Enter, or press ? or * to list all spells.
You miscast Spider Form.
You are very lightly contaminated with residual magic.
Strange energies run through your body.
The orc warrior hits you with a halberd!
* * * LOW HITPOINT WARNING * * *
You feel better.
Your transformation is almost over.
The orc warrior is struck by your spines.
The orc warrior hits you with a halberd!
You die...

##...####......#
##..# ##....##
##.## ##...#
#.#.# ##..#
#..## ##+# #.##
#.# #.# #.#
#)####### ...
#@....... ...
#o######. .o.
#r. .>... #.<.
#..## #..# #...
##..


You could see an orc warrior and a rat.

Vanquished Creatures
  5 adders
  A worm (D:3)
  3 dart slugs
  A leopard gecko (D:1)
  5 orcs (D:3)
  2 ball pythons (D:1)
  5 bats
  2 giant cockroaches (D:1)
  3 goblins
  3 hobgoblins (D:1)
  8 jackals
  5 frilled lizards
  9 kobolds
  4 rats (D:1)
  5 fungi (D:2)
61 creatures vanquished.

Notes
Turn   | Place    | Note
-------+----------+-------------------------------------------
     0 | D:1      | kae the Demonspawn Transmuter began the quest for the Orb.
     0 | D:1      | Reached XP level 1. HP: 15/15 MP: 3/3
   185 | D:1      | Gained mutation: You are partially covered in sharp spines. [demonic ancestry]
   185 | D:1      | Reached XP level 2. HP: 18/21 MP: 5/5
   289 | D:1      | Reached skill level 3 in Unarmed Combat
  1020 | D:1      | Gained mutation: You are mostly covered in sharp spines. [demonic ancestry]
  1020 | D:1      | Reached XP level 3. HP: 26/26 MP: 4/6
  1024 | D:1      | Learned a level 2 spell: Sticks to Snakes
  1028 | D:1      | Learned a level 3 spell: Spider Form
  1900 | D:2      | Lost mutation: You have claws for feet. [demonic ancestry]
  1900 | D:2      | Lost mutation: You have razor-sharp toenails. [demonic ancestry]
  1900 | D:2      | Lost mutation: You have sharp toenails. [demonic ancestry]
  1900 | D:2      | Gained mutation: You have large cloven feet. [demonic ancestry]
  1900 | D:2      | Reached XP level 4. HP: 33/33 MP: 5/7
  2385 | D:3      | Found a white marble altar of Elyvilon.
  2672 | D:3      | Noticed an orc warrior
  2743 | D:3      | Slain by an orc warrior

Vault maps used:
D:1:      minmay_arrival_up_and_down, serial_glass, glass_columns_c,
          glass_columns_b
D:2:      minmay_door_path, first_ration, minmay_gold_behind_fungi,
          kennysheep_cross_room
D:3:      old_standard_altar, gammafunk_temple_overflow_pools, uniq_terence

Skill      XL: |  1  2  3  4 |
---------------+-------------+-----
Transmutations | 2 |  2.4
Unarmed Combat | 3 |  3.7
Fighting       | 2 |  2.1
Dodging        | |  1.7
Spellcasting   | |  2.6

Action                   |  1- 3 |  4- 6 || total
-------------------------+-------+-------++-------
Melee: Unarmed           |    92 |    98 ||   190
       Kick              |     5 |    39 ||    44
       Headbutt          |     2 |       ||     2
       Punch             |       |     2 ||     2
 Cast: Beastly Appendage |    12 |     5 ||    17
       Spider Form       |       |     1 ||     1
  Use: Scroll            |     3 |       ||     3
       Potion            |       |     1 ||     1
 Stab: Sleeping          |     2 |     1 ||     3
  Eat: Chunk             |     3 |     3 ||     6
Armor: Robe              |    13 |     1 ||    14
       Skin              |       |     1 ||     1
Dodge: Dodged            |    51 |    14 ||    65

Table legend:
 A = Spawn XP
 B = Non-spawn XP
 C = Spawn XP percentage of total XP
 D = Spawn monster count
 E = Non-spawn monster count
 F = Spawn count percentage of total count
 G = Total turns spent on level
                    A         B        C        D         E        F      G
               +---------+---------+-------+---------+---------+-------+---------
         Total |       0 |     164 |   0.0 |       0 |      56 |   0.0 |  2743
               +---------+---------+-------+---------+---------+-------+---------
           D:1 |       0 |      43 |   0.0 |       0 |      25 |   0.0 |  1156
           D:2 |       0 |      71 |   0.0 |       0 |      16 |   0.0 |  1154
           D:3 |       0 |      50 |   0.0 |       0 |      15 |   0.0 |   433
               +---------+---------+-------+---------+---------+-------+---------
